 Dungeon Crawl Stone Soup version 0.29-a0-994-gc5c9f59d18 (webtiles) character file.

Game seed: 7512504033295883399

567 melkoren the Slasher (level 7, -13/62 HPs)
             Began as a Minotaur Gladiator on Aug 4, 2022.
             Mangled by an ogre
             ... wielding a +0 giant club
              (25 damage)
             ... on level 5 of the Dungeon.
             The game lasted 00:10:47 (4802 turns).

melkoren the Slasher (Minotaur Gladiator)           Turns: 4802, Time: 00:10:47

Health: -13/62     AC: 11    Str: 19    XL:     7   Next: 11%
Magic:  6/6        EV:  2    Int:  5    God:
Gold:   166        SH: 15    Dex: 13    Spells: 6/6 levels left

rFire   + . .      SeeInvis .   a - +2 long sword
rCold   . . .      Faith    .   K - +0 tower shield
rNeg    . . .      Spirit   .   A - +0 plate armour
rPois   .          Reflect  +   c - +0 hat
rElec   .          Harm     .   j - +0 cloak
rCorr   .          Rampage  .   (no gloves)
Will    .....                   (no boots)
Stlth   ..........              o - amulet of reflection
HPRegen 0.20/turn               F - ring of protection from fire
MPRegen 0.10/turn               (no ring)

@: no status effects
A: horns 2, retaliatory headbutt
a: no special abilities


You were on level 5 of the Dungeon.
You visited 1 branch of the dungeon, and saw 5 of its levels.

You collected 166 gold pieces.


Innate Abilities, Weirdness & Mutations

You have a pair of horns on your head.
You reflexively headbutt those who attack you in melee.


   Skills:
 + Level 5.7 Fighting
 + Level 6.4 Long Blades
 - Level 2.0 Throwing
 + Level 0.1 Armour
 + Level 5.8 Dodging
 + Level 0.1 Shields


You had 6 spell levels left.
You didn't know any spells.
Your spell library contained the following spells:

 Spells                   Type           Power      Damage    Failure   Level
 Magic Dart               Conj           0%         1d3       100%        1
 Sandblast                Erth           0%         2d4       100%        1
 Call Imp                 Summ           0%         N/A       100%        2
 Passwall                 Tmut/Erth      0%         N/A       100%        2
 Mephitic Cloud           Conj/Pois/Air  0%         N/A       100%        3
 Stone Arrow              Conj/Erth      0%         3d7       100%        3

Inventory:

Hand Weapons
 a - a +2 long sword (weapon)
 y - a +0 falchion
   (You took it off Terence on level 3 of the Dungeon)
 J - a +0 dagger of holy wrath
   (You took it off a kobold on level 4 of the Dungeon)
Missiles
 d - 3 throwing nets (quivered) {=f!f}
 e - a javelin
 h - 39 stones
Armour
 b - a +0 leather armour
 c - a +0 hat (worn)
 i - a +0 leather armour
   (You found it on level 3 of the Dungeon)
 j - a +0 cloak (worn)
   (You found it on level 1 of the Dungeon)
 k - a +0 robe
   (You found it on level 2 of the Dungeon)
 l - a +0 leather armour
   (You found it on level 1 of the Dungeon)
 m - a +0 leather armour
   (You found it on level 1 of the Dungeon)
 p - a +0 leather armour
   (You found it on level 2 of the Dungeon)
 q - a +0 leather armour
   (You found it on level 4 of the Dungeon)
 r - a +0 ring mail
   (You took it off an orc on level 3 of the Dungeon)
 s - a +0 robe
   (You found it on level 2 of the Dungeon)
 t - a +0 animal skin
   (You took it off Robin on level 3 of the Dungeon)
 u - a +0 ring mail
   (You took it off an orc on level 3 of the Dungeon)
 v - a +0 ring mail
   (You took it off an orc on level 3 of the Dungeon)
 x - a +0 chain mail
   (You took it off Terence on level 3 of the Dungeon)
 z - a +0 robe
   (You found it on level 3 of the Dungeon)
 A - a +0 plate armour (worn)
   (You found it on level 3 of the Dungeon)
 C - a +0 chain mail
   (You took it off an orc priest on level 4 of the Dungeon)
 D - a +0 leather armour
   (You took it off an orc on level 4 of the Dungeon)
 E - a +0 ring mail
   (You took it off an orc on level 4 of the Dungeon)
 G - a +0 ring mail
   (You took it off an orc on level 4 of the Dungeon)
 H - a +0 robe
   (You found it on level 4 of the Dungeon)
 I - a +0 scale mail
   (You took it off a kobold on level 4 of the Dungeon)
 K - a +0 tower shield (worn)
   (You found it on level 4 of the Dungeon)
 L - a +1 pair of boots of rampaging
   (You found it on level 4 of the Dungeon)
 M - a +0 ring mail
   (You found it on level 4 of the Dungeon)
Magical Staves
 n - a staff of air {!a}
   (You found it on level 1 of the Dungeon)
Jewellery
 o - an amulet of reflection (around neck)
   (You found it on level 1 of the Dungeon)
 F - a ring of protection from fire (left hand)
   (You found it on level 3 of the Dungeon)
 S - a +6 ring of strength
   (You found it on level 4 of the Dungeon)
Scrolls
 g - 2 scrolls of teleportation {@r4}
 w - a scroll of immolation {!r!r}
 B - 3 scrolls of identify {@r1}
Potions
 f - a potion of might
 N - a potion of attraction {unknown}

Dungeon Overview and Level Annotations

Branches:
Dungeon (5/15) Zot: 25111
 Temple: D:4-7

Altars:

Shops:
D:3 [   D:5 *

Annotations:
D:5 1 transporter, bchevrier's ghost, amateur GnWn

..##.....5W##......#.###
...#########...#.#.....#
...............)......#
#................#.####
####.........#.#.#.#
#.........#.#...#
##........#.#o.##
##...).#...#O.#
#...###.....@##
#.###...#..#.##### #.
...#..............#
..###...#..##........#
## ..# #.###........# #
. #............#
#####........#
###....### ##....#


You could see an ogre and an orc priest.


Message History

An orc comes into view. It is wielding a +0 dagger.
You slash the orc!
You kill the orc!
No target in view!
There is an entrance to Iceunap's General Store here.
You now have 157 gold pieces (gained 13).
An iguana comes into view.
The iguana hisses angrily.
You slash the iguana! You headbutt the iguana!
You kill the iguana! 😎 HP[+1]
You now have 62 max hp (+1).
Your hp is fully restored (62).
No target in view!
No target in view!
You now have 166 gold pieces (gained 9).
Bchevrier's ghost turns its malevolent gaze towards you.
h - 39 stones (gained 3)
N - a yellow potion Bchevrier's ghost shouts, "They lied to you.
The Dungeon just goes down and down forever."
An orc comes into view. It is wielding a +0 hand axe.
The orc shouts!
The orc moves out of view.
An ogre and an orc wizard come into view.
The orc wizard shouts!
An orc wizard comes into view. It is wielding a +0 dagger.
The orc wizard shouts!
The orc wizard gestures wildly while chanting.
The orc wizard flickers and vanishes!
Deactivating autopickup; reactivate with Ctrl-A.
An orc priest comes into view. It is wielding a +0 hand axe.
The orc wizard gestures at you while chanting.
The magic dart hits you. 😕 HP[-1]
You take 1 damage, and now have 61/62 hp.
The orc priest shouts!
The orc priest miscasts a cantrip. 😎 HP[+1]
Your hp is fully restored (62).
You barely miss the orc. The orc hits you but does no damage.
The orc wizard casts a spell at you.
You are confused.
You are too confused!
The orc attacks as you move away! The orc hits you but does no damage.
The ogre attacks as you move away! The ogre barely misses you.
The white imp shouts, "Scamper hence, thou jarring sow-suckled cud-chewer!"
The orc hits you with a +0 hand axe. 😕 HP[-5]
You take 5 damage, and now have 57/62 hp.
You're too confused to move!
The orc priest mumbles some strange prayers to Beogh against you.
Beogh smites you!
The orc hits you with a +0 hand axe. 😮 HP[-13]
You take 13 damage, and now have 44/62 hp.
MASSIVE DAMAGE!! (PAUSE)
You bump into the rock wall.
The orc hits you but does no damage. The ogre hits you with a +0 giant club!
* * * LOW HITPOINT WARNING * * *
😨 HP[-13]
You take 13 damage, and now have 31/62 hp.
MASSIVE DAMAGE!! (PAUSE)
You barely miss the orc.
You feel less confused. You block the orc's attack.
The orc hits you with a +0 hand axe.
* * * LOW HITPOINT WARNING * * *
You block the ogre's attack.
The orc wizard mumbles some strange words.
The orc wizard flickers and vanishes! 😨 HP[-6]
You take 6 damage, and now have 25/62 hp.
You slash the orc!
You kill the orc!
A magic dart appears from out of thin air!
The magic dart hits you!
* * * LOW HITPOINT WARNING * * *
The ogre hits you with a +0 giant club.
* * * LOW HITPOINT WARNING * * *
Unknown command.
You see here a +0 hand axe. 😱 HP[-10]
You take 10 damage, and now have 15/62 hp.
You block something's attack.
A magic dart appears from out of thin air!
The magic dart hits something!
Unknown command. 😨 HP[+1]
Something hits you but does no damage.
The orc priest looks encouraged for a moment.
Something hits you but does no damage. Something hits you but does no damage.
The orc priest looks braver for a moment. 😨 HP[+1]
You slash something!
Reactivating autopickup.
You feel a bit more experienced. The ogre hits you with a +0 giant club.
* * * LOW HITPOINT WARNING * * *
😱 HP[-5]
You take 5 damage, and now have 12/62 hp.
You slash the ogre! Your headbutt misses the ogre.
The ogre hits you with a +0 giant club!!
You die...

Skill      XL: |  1  2  3  4  5  6 |
---------------+-------------------+-----
Long Blades    | 4 5 6 |  6.4
Fighting       | 3 4 5 |  5.7
Dodging        | 4 5 |  5.8
Throwing       | |  2.0
Armour         | |  0.1
Shields        | |  0.1

Action                   |  1- 3 |  4- 6 |  7- 9 || total
-------------------------+-------+-------+-------++-------
Melee: Long sword        |    80 |   106 |    23 ||   209
       Headbutt          |    16 |    19 |     5 ||    40
       Punch             |       |     2 |       ||     2
  Use: Scroll            |     7 |     3 |       ||    10
       Potion            |     4 |     3 |       ||     7
 Stab: Sleeping          |     2 |       |       ||     2
Armor: Leather armour    |    20 |     6 |       ||    26
       Plate armour      |       |    22 |     9 ||    31
Dodge: Dodged            |    47 |    45 |     2 ||    94
Block: Other             |    15 |    25 |       ||    40
       Tower shield      |       |    13 |     9 ||    22

Levels and vault maps discovered:
D:1:      lightli_arrival_flooded_house, layout_loops_corners,
          hellmonk_ecumenical_altar_watching_god, hangedman_glass_teeth
D:2:      layout_loops_cross
D:3:      kennysheep_six_static_rooms, layout_loops_corners, serial_shops,
          nicolae_square_shop, uniq_robin, uniq_grinder, uniq_terence
D:4:      layout_gridville, gup_sewer_entry_spiral
D:5:      layout_rooms, nicolae_ru_great_annihilating_truth, serial_shops,
          nicolae_stop_n_shop_2, kennysheep_little_box,
          nicolae_shop_hallway_stairs, shop, nicolae_shop_waterfront,
          gammafunk_ghost_arena

Notes
Turn   | Place    | Note
-------+----------+-------------------------------------------
     0 | D:1      | melkoren the Minotaur Gladiator began the quest for the
                  | Orb.
     0 | D:1      | Reached XP level 1. HP: 18/18 MP: 0/0
     0 | D:1      | magus.rc [v1.11.3]
   252 | D:1      | Reached XP level 2. HP: 12/25 MP: 1/1
   509 | D:1      | Found a faded altar of an unknown god.
   511 | D:1      | Noticed a great orb of eyes
   512 | D:1      | Noticed a shining eye
   518 | D:1      | Noticed a golden eye
   528 | D:1      | Noticed an eye of devastation
   652 | D:1      | Reached skill level 4 in Long Blades
   746 | D:1      | Reached skill level 3 in Fighting
  1430 | D:2      | Reached XP level 3. HP: 24/31 MP: 2/2
  1995 | D:3      | Noticed Robin
  2003 | D:3      | Killed Robin
  2012 | D:3      | Reached skill level 4 in Dodging
  2592 | D:3      | Found Veumahiyr's Armour Emporium.
  2598 | D:3      | Reached XP level 4. HP: 39/39 MP: 3/3
  3076 | D:3      | Noticed Grinder
  3101 | D:3      | Killed Grinder
  3102 | D:3      | Reached skill level 4 in Fighting
  3102 | D:3      | Reached skill level 5 in Long Blades
  3102 | D:3      | Reached skill level 5 in Dodging
  3102 | D:3      | Reached XP level 5. HP: 40/47 MP: 4/4
  3102 | D:3      | Reached XP level 6. HP: 46/55 MP: 5/5
  3252 | D:3      | Noticed Terence
  3261 | D:3      | Killed Terence
  3562 | D:4      | You pick up a book of Minor Magic and begin reading...
  3562 | D:4      | You add the spells Magic Dart, Call Imp and Mephitic Cloud
                  | to your library.
  3691 | D:4      | You pick up a book of Geomancy and begin reading...
  3691 | D:4      | You add the spells Sandblast, Passwall and Stone Arrow to
                  | your library.
  3747 | D:4      | Reached skill level 5 in Fighting
  3966 | D:4      | Reached skill level 6 in Long Blades
  4577 | D:4      | Reached XP level 7. HP: 61/61 MP: 6/6
  4715 | D:5      | Entered Level 5 of the Dungeon
  4715 | D:5      | Found Iceunap's General Store.
  4748 | D:5      | Noticed bchevrier's ghost (amateur GnWn)
  4778 | D:5      | Found a transporter.
  4793 | D:5      | HP: 15/62 [ogre/+0 giant club (3)]
  4801 | D:5      | HP: 12/62 [ogre/+0 giant club (5)]
  4802 | D:5      | Mangled by an ogre

Vanquished Creatures
  Grinder (D:3)
  A phantom (D:4)
  An orc priest (D:4)
  2 iguanas
  Terence (D:3)
  An orc wizard (D:5)
  Robin (D:3)
  4 gnolls (D:4)
  An adder (D:3)
  2 river rats (D:4)
  3 worms
  3 dart slugs
  10 orcs
  2 bats (D:3)
  3 endoplasms
  5 giant cockroaches
  9 goblins
  9 hobgoblins
  3 jackals (D:3)
  2 kobolds
  4 quokkas
  8 ball pythons
  2 frilled lizards
  5 rats
83 creatures vanquished.

Table legend:
 A = Non-vault XP
 B = Vault XP
 C = Vault XP percentage of total XP
 D = Non-vault monster count
 E = Vault monster count
 F = Vault count percentage of total count
                 A         B        C        D         E       F
            +---------+---------+-------+---------+---------+-------
      Total |     401 |     409 |  50.5 |      59 |      24 |  28.9
            +---------+---------+-------+---------+---------+-------
        D:1 |      31 |       0 |   0.0 |      15 |       0 |   0.0
        D:2 |      20 |       0 |   0.0 |       9 |       0 |   0.0
        D:3 |      32 |     370 |  92.0 |      15 |      17 |  53.1
        D:4 |     259 |      39 |  13.1 |      16 |       7 |  30.4
        D:5 |      59 |       0 |   0.0 |       4 |       0 |   0.0
            +---------+---------+-------+---------+---------+-------

Illustrated notes

Table legend:
 A = Kills in this place as a percentage of kills in entire the game.
 B = Kills by you in this place as a percentage of kills by you in the entire game.
 C = Kills by friends in this place as a percentage of kills by friends in the entire game.
 D = Other kills in this place as a percentage of other kills in the entire game.
 E = Experience gained in this place as a percentage of experience gained in the entire game.
 F = Experience gained in this place divided by the number of levels of this place that you have seen.
                   A       B       C       D       E      F
               +-------+-------+-------+-------+-------+----------------------
         Total | 100.0 | 100.0 |   N/A |   N/A | 100.0 | 162.0
       Dungeon | 100.0 | 100.0 |   N/A |   N/A | 100.0 | 162.0
               +-------+-------+-------+-------+-------+----------------------

Table legend: (Time is in decaauts)
 A = Elapsed time spent in this place.
 B = Non-inter-level travel time spent in this place.
 C = Inter-level travel time spent in this place.
 D = Time resting spent in this place.
 E = Time spent auto-exploring this place.
 F = Levels seen in this place.
 G = Mean time per level.
                   A        B        C        D        E       F      G
               +--------+--------+--------+--------+--------+-----+--------+
         Total |   4887 |   4712 |    175 |     20 |   4067 |   5 |  977.4 |
       Dungeon |   4887 |   4712 |    175 |     20 |   4067 |   5 |  977.4 |
               +--------+--------+--------+--------+--------+-----+--------+

Top non-repeatable levels by time:
     D:3: 1552 daAuts
     D:4: 1241 daAuts
     D:1: 1113 daAuts
     D:2: 890 daAuts
     D:5: 89 daAuts
